cohdb
Replays
Latest Replays
All Replays
Popular Replays
Top Player Replays
Match Explorer
How It Works
Community
CoH3 Stats
Reddit
Sign in to upload your games and track your stats! →
Sign in with Steam
FSP is too weak but anything else simply beats water
Match 21550593
Overview
Messages
Build Orders
End
Construct Infanterie Kompanie
Kettenkrad Recon Vehicle
Selects Luftwaffe Battlegroup
Selects Luftwaffe Pioneer Support
MG 42 Machine Gun Team
Grenadier Squad
Construct Panzergrenadier Kompanie
Panzergrenadier Squad
MG 42 Machine Gun Team
Panzergrenadier Officer Quarters
Medical Station
Panzergrenadier Squad
Selects LG40 Recoilless Gun Paradrop
LG40 Recoilless Gun Paradrop
Pak 40 Anti-tank Gun Team
Construct Panzer Kompanie
Pak 40 Anti-tank Gun Team
Sturmpanzer IV Brummbär
Selects Infantry Reserves
Pak 40 Anti-tank Gun Team
Pioneer Squad
Sturmpanzer IV Brummbär
Selects Reconnaissance Run
Selects Fallschirmjäger Squad Paradrop
Panzer Officer Quarters
Panzer IV Medium Tank
Selects Stuka Loiter
Reconnaissance Run
Stuka Loiter
Panzer IV Medium Tank
Fallschirmpioneer Squad Paradrop
Pioneer Squad
Sturmpanzer IV Brummbär
nub
water
0
0
Comments
sign in to comment!
No comments posted yet!